 Dungeon Crawl Stone Soup version 0.26-a0-651-gb41185065b (webtiles) character file.

Game seed: 13246720548708613546

1062 Irenicus the Geomancer (level 8, 0/62 HPs)
             Began as a Deep Dwarf Earth Elementalist on Oct 3, 2020.
             Was an Initiate of Makhleb.
             Slain by a wight
             ... wielding a +5 flail of freezing
              (2 damage)
             ... on level 7 of the Dungeon.
             The game lasted 00:21:35 (2310 turns).

Irenicus the Geomancer (DDEE)                       Turns: 2310, Time: 00:21:36

Health: 0/62       AC:  6    Str: 13    XL:     8   Next: 6%
Magic:  6/13       EV: 11    Int: 17    God:    Makhleb [......]
Gold:   197        SH:  0    Dex: 13    Spells: 3/14 levels left

rFire    . . .     SeeInvis .   c - +0 club
rCold    . . .     Faith    .   (no shield)
rNeg     . . .     Spirit   .   d - +0 ring mail
rPois    .         Reflect  .   (no helmet)
rElec    .         Harm     .   E - scarf {+Inv}
rCorr    +         Rampage  .   (no gloves)
MR       +....                  k - +0 pair of boots
Stlth    ++........             D - amulet of magic regeneration
HPRegen  0.00/turn              p - ring of stealth {Stlth+}
MPRegen  0.38/turn              w - ring of resist corrosion

@: non-regenerating, lightly drained
A: damage resistance, heal wounds, sense surroundings 1, no regeneration
a: Heal Wounds, Renounce Religion, Evoke Invisibility


You were on level 7 of the Dungeon.
You worshipped Makhleb.
Makhleb was noncommittal.
You visited 2 branches of the dungeon, and saw 8 of its levels.

You collected 197 gold pieces.

Inventory:

Hand Weapons
 c - a +0 club (weapon)
   (You took it off a goblin on level 1 of the Dungeon)
Missiles
 j - 31 stones (quivered)
 t - 6 poisoned darts
Armour
 d - a +0 ring mail (worn)
   (You found it on level 1 of the Dungeon)
 h - a +0 buckler
   (You took it off an orc on level 4 of the Dungeon)
 k - a +0 pair of boots (worn)
   (You found it on level 1 of the Dungeon)
 r - a +0 cloak
   (You found it on level 4 of the Dungeon)
 E - a scarf of invisibility (worn)
   (You found it on level 7 of the Dungeon)
Jewellery
 p - a ring of stealth (left hand) {Stlth+}
   (You took it off a kobold on level 2 of the Dungeon)
 w - a ring of resist corrosion (right hand)
   (You found it on level 5 of the Dungeon)
 D - an amulet of magic regeneration (around neck)
   (You found it on level 6 of the Dungeon)
Wands
 v - a wand of iceblast (4)
   (You found it on level 3 of the Dungeon)
Scrolls
 a - a scroll of enchant weapon {unknown}
 b - a scroll of teleportation
 m - 3 scrolls of remove curse
 q - 2 scrolls of blinking {!r}
 y - a scroll of identify
 z - a scroll of amnesia {unknown}
 A - a scroll of magic mapping {unknown}
Potions
 e - 2 potions of invisibility {unknown}
 f - a potion of cancellation {unknown}
 g - a potion of degeneration {unknown}
 i - 2 potions of heal wounds
 l - 4 potions of haste
 n - a potion of berserk rage {unknown}
 o - 2 potions of flight {unknown}
 s - a potion of mutation {unknown}
 u - 2 potions of magic
 x - a potion of brilliance {unknown}
 C - a potion of curing {unknown}


   Skills:
 - Level 2.1(1.8) Dodging
 - Level 2.6(2.3) Stealth
 - Level 3.7(3.4) Spellcasting
 - Level 0.8(0.5) Transmutations
 + Level 10.6(10.2) Earth Magic
 + Level 4.5(4.2) Evocations


You had 3 spell levels left.
You knew the following spells:

 Your Spells              Type           Power        Failure   Level
a - Sandblast             Erth           #####.       1%          1
w - Passwall              Tmut/Erth      ###.....     6%          2
x - Stone Arrow           Conj/Erth      ###...       14%         3
z - Lee's Rapid Deconstr  Erth           #####.....   16%         5

Your spell library contained the following spells:

 Spells                   Type           Power        Failure   Level
 Petrify                  Tmut/Erth      ###.....     36%         4


Dungeon Overview and Level Annotations

Branches:
Dungeon (7/15)             Temple (1/1) D:6

Altars:
Ashenzari
Cheibriados
Makhleb
Nemelex Xobeh
Trog
The Shining One

Annotations:
D:2 Terence
D:4 3 runed translucent doors, TrebMcFLY's ghost, amateur OgTm; Waterpls's ghost, amateur GnEn; dracos369's ghost, novice VSFi; p0werm0de's ghost, amateur DDFi; tof's ghost, novice MiMo
D:6 Duvessa
D:7 exclusion: jelly


Innate Abilities, Weirdness & Mutations

You are resistant to damage.
You can heal yourself by infusing magical energy.
You passively map a small area around you.
You do not regenerate.


Message History

You have reached level 8!
You feel stronger.
j - 37 stones You regained 2 hp, and now have 19/62 hp.
You now have 6/13 mp.
Things that are here:
a cursed +1 hand axe of freezing; a +0 robe
Items here: )) [[.
A wight comes into view. It is wielding a +5 great sword.
Things that are here:
a +1 spear; a +0 robe A jackal comes into view.
An orc comes into view. It is wielding a +0 hand axe.
A jackal comes into view.
An orc wizard comes into view. It is wielding a +0 dagger of venom.
A jackal comes into view.
A water moccasin and an orc wizard come into view.
The jackal barks!
The orc shouts!
The orc wizard shouts! x2; You hear a shout! x2
A jackal comes into view.
The orc wizard casts a spell.
The orc wizard blinks!
An orc comes into view. It is wielding a +0 club.
The orc wizard moves out of view.
The water moccasin hisses angrily.
The jackal barks!
The jackal barks!
You hear a shout!
An orc comes into view. It is wielding a +0 war axe.
Fire/throw which item? (* to show all) (? for menu, Esc to quit)
Throwing (i - inventory)
j - 37 stones (quivered)
Press: ? - help, Shift-Dir - straight line, f - jackal
Aim: a jackal You throw a throwing net {=f, !d}.
The throwing net {=f, !d} hits the jackal.
The jackal is caught in the net!
The jackal struggles against the net.
An orc comes into view. It is wielding a +0 hand axe.
The jackal struggles against the net.
Casting: Sandblast (safe; 1% risk of failure)
Confirm with . or Enter, or press ? or * to list all spells.
Press: ? - help, Shift-Dir - straight line, f - wight, p - jackal
Aim: a wight, wielding a +5 great sword and wearing a +0 robe The blast of sand hits the wight!
The wight is heavily damaged.
j - 36 stones The jackal struggles against the net.
A worker ant comes into view.
Casting: Sandblast (safe; 1% risk of failure)
Confirm with . or Enter, or press ? or * to list all spells.
Aiming: Sandblast (safe; 1% risk of failure)
Press: ? - help, Shift-Dir - straight line, f/p - wight
Aim: a wight, wielding a +5 great sword and wearing a +0 robe (heavily damaged)
The blast of sand hits the wight!
You destroy the wight!
Makhleb accepts your kill.
j - 35 stones The jackal struggles against the net.
The net rips apart, and the jackal comes free!
You now have 9/13 mp.
Casting: Sandblast (safe; 1% risk of failure)
Confirm with . or Enter, or press ? or * to list all spells.
Aiming: Sandblast (safe; 1% risk of failure)
Press: ? - help, Shift-Dir - straight line, f - wight
Aim: a wight, wielding a +5 flail of freezing and wearing a +0 robe The blast of sand hits the wight but does no damage.
j - 34 stones The wight hits you with a +5 flail of freezing!
* * * LOW HITPOINT WARNING * * *
The wight freezes you.
You take 10 damage, and have 9/62 hp.
You now have 8/13 mp.
Casting: Sandblast (safe; 1% risk of failure)
Confirm with . or Enter, or press ? or * to list all spells.
Aiming: Sandblast (safe; 1% risk of failure)
Press: ? - help, Shift-Dir - straight line, f/p - wight
Aim: a wight, wielding a +5 flail of freezing and wearing a +0 robe The blast of sand hits the wight!
The wight is heavily damaged.
j - 33 stones The jackal misses you.
The wight hits you but does no damage.
Casting: Sandblast (safe; 1% risk of failure)
Confirm with . or Enter, or press ? or * to list all spells.
Aiming: Sandblast (safe; 1% risk of failure)
Press: ? - help, Shift-Dir - straight line, f/p - wight
Aim: a wight, wielding a +5 flail of freezing and wearing a +0 robe (heavily damaged)
The blast of sand hits the wight.
The wight is severely damaged.
j - 32 stones The jackal bites you.
The wight closely misses you.
You now have 7/13 mp.
Casting: Sandblast (safe; 1% risk of failure)
Confirm with . or Enter, or press ? or * to list all spells.
Aiming: Sandblast (safe; 1% risk of failure)
Press: ? - help, Shift-Dir - straight line, f/p - wight
Aim: a wight, wielding a +5 flail of freezing and wearing a +0 robe (severely damaged)
The blast of sand hits the wight but does no damage.
The wight is severely damaged.
j - 31 stones The orc wizard gestures wildly while chanting.
The orc wizard blinks!
The jackal barely misses you.
The wight hits you with a +5 flail of freezing!
* * * LOW HITPOINT WARNING * * *
You feel drained. The wight freezes you.
You die...

* , * * , * , ^*.##
#.* .# , #.#.#z**. ,
** ##.z#.##. * , .
*#..z..... ...
#......#######ho..#
#.....>#.z@hhSooa..
, # #
*#z.....#.#####ho..#
, #J#. ...#)..# ,
..# ,.z..####.##)###
* , . #. ...#.##.#
#.#..##z#.##)# *, ,
z............# * ,
##.##..##### * *
#..# *


You could see a water moccasin, a worker ant, a wight, an orc wizard, 3 orcs and
4 jackals.

Vanquished Creatures
  An ice beast (D:5)
  A necrophage (D:5)
  2 ogres
  Dowan (D:6)
  2 scorpions
  5 wights (D:7)
  A quasit (D:5)
  An orc priest (D:4)
  A centaur skeleton (D:4)
  A worker ant (D:6)
  A hound zombie (D:6)
  8 adders
  A howler monkey skeleton (D:6)
  2 shadow imps
  An adder zombie (D:7)
  4 worms
  2 dart slugs
  5 leopard geckos
  16 orcs
  6 giant cockroaches
  7 hobgoblins
  11 jackals
  9 kobolds
  8 bats
  4 frilled lizards
  5 goblins
  6 rats
112 creatures vanquished.

Notes
Turn   | Place    | Note
-------+----------+-------------------------------------------
     0 | D:1      | Irenicus the Deep Dwarf Earth Elementalist began the quest
                  | for the Orb.
     0 | D:1      | Reached XP level 1. HP: 15/15 MP: 3/3
   232 | D:1      | Reached XP level 2. HP: 22/22 MP: 1/4
   312 | D:2      | Reached skill level 5 in Earth Magic
   399 | D:2      | Reached XP level 3. HP: 28/28 MP: 1/5
   539 | D:3      | Reached skill level 6 in Earth Magic
   655 | D:3      | Reached XP level 4. HP: 34/36 MP: 0/6
   657 | D:3      | Noticed an ogre
   677 | D:3      | Killed an ogre
   677 | D:3      | Reached skill level 7 in Earth Magic
   677 | D:3      | Reached XP level 5. HP: 25/42 MP: 0/7
   746 | D:3      | Reached skill level 8 in Earth Magic
   774 | D:2      | Noticed Terence
   864 | D:3      | Learned a level 2 spell: Passwall
   867 | D:3      | Found a bloodstained altar of Trog.
   867 | D:3      | Noticed a moth of wrath
   896 | D:4      | Noticed an ogre
   916 | D:3      | Learned a level 3 spell: Stone Arrow
   944 | D:4      | HP: 8/42 [ogre/+0 giant spiked club (6)]
   945 | D:4      | Killed an ogre
   945 | D:4      | Reached skill level 9 in Earth Magic
   945 | D:4      | Reached XP level 6. HP: 9/49 MP: 2/8
   976 | D:4      | Found a runed translucent gate.
   976 | D:4      | Found a runed translucent gate.
   976 | D:4      | Found a runed translucent gate.
   976 | D:4      | Noticed p0werm0de's ghost (amateur DDFi)
   976 | D:4      | Noticed Waterpls's ghost (amateur GnEn)
   977 | D:4      | Noticed TrebMcFLY's ghost (amateur OgTm)
   977 | D:4      | Noticed tof's ghost (novice MiMo)
   977 | D:4      | Noticed dracos369's ghost (novice VSFi)
  1266 | D:4      | HP: 12/49 [scorpion (2)]
  1281 | D:4      | Reached skill level 2 in Spellcasting
  1399 | D:5      | Entered Level 5 of the Dungeon
  1565 | D:5      | Found a snail-covered altar of Cheibriados.
  1660 | D:5      | Reached skill level 10 in Earth Magic
  1660 | D:5      | Reached XP level 7. HP: 34/55 MP: 3/10
  1774 | D:5      | HP: 13/55 [ice beast (8)]
  1775 | D:5      | Reached skill level 3 in Spellcasting
  1911 | D:6      | Irenicus: niiice
  1912 | D:6      | Noticed Duvessa
  1912 | D:6      | Noticed Dowan
  1914 | D:6      | aMcNicky: yep!
  1919 | D:6      | Killed Dowan
  1919 | D:6      | Reached skill level 1 in Evocations
  1937 | D:6      | Found a broken altar of Ashenzari.
  1942 | D:6      | Reached skill level 2 in Evocations
  2054 | D:6      | Found a staircase to the Ecumenical Temple.
  2062 | Temple   | Entered the Ecumenical Temple
  2078 | Temple   | Became a worshipper of Makhleb the Destroyer
  2187 | D:7      | Reached skill level 3 in Evocations
  2274 | D:7      | Learned a level 5 spell: Lee's Rapid Deconstruction
  2282 | D:7      | HP: 8/55 [wight/+1 spear (5)]
  2291 | D:7      | Reached skill level 4 in Evocations
  2293 | D:7      | Reached XP level 8. HP: 19/62 MP: 6/13
  2307 | D:7      | HP: 9/62 [wight/+5 flail of freezing (10)]
  2310 | D:7      | HP: 2/62 [wight/+5 flail of freezing (7)]
  2310 | D:7      | Slain by a wight

Illustrated notes

Levels and vault maps discovered:
D:1:      onia_arrival_pentagram, layout_loops_ring, minmay_stone_trees_small
D:2:      layout_rooms, uniq_terence
D:3:      layout_basic, tgw_trog
D:4:      layout_rooms, gammafunk_ghost_cemetery
D:5:      layout_basic, basic_altar
D:6:      layout_loops_ring, minmay_temple_entry_trees, ashenzari_altar_1,
          uniq_duvessa
D:7:      layout_loops_ring, uniq_crazy_yiuf_cottage, uniq_menkaure,
          uniq_prince_ribbit1
Temple:   roderic_octagonal_lattice_temple

Skill      XL: |  1  2  3  4  5  6  7 |
---------------+----------------------+-----
Earth Magic    | 5 6 7 9 10 | 10.6
Spellcasting   | 2 3 |  3.7
Evocations     | 4 |  4.5
Dodging        | |  2.1
Stealth        | |  2.6
Transmutations | |  0.8

Action                   |  1- 3 |  4- 6 |  7- 9 || total
-------------------------+-------+-------+-------++-------
Melee: Club              |    17 |    60 |       ||    77
Throw: Dart              |     2 |     3 |     2 ||     7
       Javelin           |     6 |     3 |       ||     9
       Throwing net      |       |       |     1 ||     1
 Cast: Sandblast         |    41 |    39 |    43 ||   123
       Passwall          |       |     7 |       ||     7
       Stone Arrow       |       |    16 |    10 ||    26
Evoke: Wand              |       |     2 |       ||     2
  Use: Scroll            |     1 |     7 |     1 ||     9
       Potion            |       |     4 |     1 ||     5
 Stab: Sleeping          |       |     2 |       ||     2
Armor: Ring mail         |    20 |    41 |     2 ||    63
Dodge: Dodged            |    33 |    93 |    11 ||   137

Table legend: (Time is in decaauts)
 A = Elapsed time spent in this place.
 B = Non-inter-level travel time spent in this place.
 C = Inter-level travel time spent in this place.
 D = Time resting spent in this place.
 E = Time spent auto-exploring this place.
 F = Levels seen in this place.
 G = Mean time per level.
                   A        B        C        D        E       F      G
               +--------+--------+--------+--------+--------+-----+--------+
         Total |   2337 |   2319 |     18 |      0 |      0 |   8 |  292.1 |
       Dungeon |   2305 |   2287 |     18 |      0 |      0 |   7 |  329.3 |
        Temple |     32 |     32 |      0 |      0 |      0 |   1 |   32.0 |
               +--------+--------+--------+--------+--------+-----+--------+

Top non-repeatable levels by time:
     D:3: 505 daAuts
     D:5: 473 daAuts
     D:4: 442 daAuts
     D:1: 282 daAuts
     D:6: 238 daAuts
     D:2: 197 daAuts
     D:7: 165 daAuts
  Temple: 32 daAuts

Table legend:
 A = Kills in this place as a percentage of kills in entire the game.
 B = Kills by you in this place as a percentage of kills by you in the entire game.
 C = Kills by friends in this place as a percentage of kills by friends in the entire game.
 D = Other kills in this place as a percentage of other kills in the entire game.
 E = Experience gained in this place as a percentage of experience gained in the entire game.
 F = Experience gained in this place divided by the number of levels of this place that you have seen.
                   A       B       C       D       E      F
               +-------+-------+-------+-------+-------+----------------------
         Total | 100.0 | 100.0 |   N/A |   N/A | 100.0 | 189.8
       Dungeon | 100.0 | 100.0 |   N/A |   N/A | 100.0 | 216.9
               +-------+-------+-------+-------+-------+----------------------
